TOP OF THE 1ST |
Shelby HS Rockets batting - Pitching for Oceanside HS Pirates : RHP Paco Hernández
|
Pitching: RHP Paco Hernández
|
|
Batting: SHB Joe Jenkins
|
0-0: Ball 1-0: Swinging Strike 1-1: Foul Ball, location: 2F 1-2: Ball 2-2: Strikes out looking
|
Batting: RHB Reynaldo Oliva
|
0-0: Called Strike 0-1: Ground out 5-3 (Groundball, 25)
|
Batting: RHB José Borrero
|
0-0: Foul Ball, location: 2F 0-1: Ball 1-1: DOUBLE (Line Drive, 9LM)
|
Batting: RHB Art McDonald
|
0-0: Ball 1-0: Ball 2-0: Foul Ball, location: 2F 2-1: Called Strike 2-2: Strikes out swinging
|
Top of the 1st over - 0 runs, 1 hit, 0 errors, 1 left on base; Shelby HS 0 - Oceanside HS 0 |
BOTTOM OF THE 1ST |
Oceanside HS Pirates batting - Pitching for Shelby HS Rockets : RHP Kyle Sawyer
|
Pitching: RHP Kyle Sawyer
|
|
Batting: RHB Charles Collins
|
0-0: Called Strike 0-1: Called Strike 0-2: Ball 1-2: Ball 2-2: Fly out, F8 (Flyball, 8RD)
|
Batting: LHB Dylan Savill
|
0-0: Ball 1-0: Ball 2-0: Called Strike 2-1: Ball 3-1: Base on Balls
|
Batting: RHB Tom Hanson
|
0-0: Called Strike 0-1: Grounds into double play, 5-4-3 (Groundball, 5)
|
Bottom of the 1st over - 0 runs, 0 hits, 0 errors, 0 left on base; Shelby HS 0 - Oceanside HS 0 |
TOP OF THE 2ND |
Shelby HS Rockets batting - Pitching for Oceanside HS Pirates : RHP Paco Hernández
|
Batting: LHB Ben Ward
|
0-0: Called Strike 0-1: Ball 1-1: Fly out, F7 (Flyball, 7S)
|
Batting: RHB José Zamora
|
0-0: Ground out U3 (Groundball, 34)
|
Batting: LHB Ron Davis
|
0-0: Foul Ball, location: 2F 0-1: Foul Ball, location: 2F 0-2: Ground out 6-3 (Groundball, 6)
|
Top of the 2nd over - 0 runs, 0 hits, 0 errors, 0 left on base; Shelby HS 0 - Oceanside HS 0 |
BOTTOM OF THE 2ND |
Oceanside HS Pirates batting - Pitching for Shelby HS Rockets : RHP Kyle Sawyer
|
Batting: RHB Vincent Lowe
|
0-0: Called Strike 0-1: Ball 1-1: Foul Ball, location: 2F 1-2: Strikes out swinging
|
Batting: RHB Shawn Mendoza
|
0-0: Ball 1-0: Called Strike 1-1: Ball 2-1: Ball 3-1: Base on Balls
|
Batting: LHB Winston Smith
|
0-0: Ball 1-0: Ball 2-0: Called Strike 2-1: Swinging Strike 2-2: Ball 3-2: Strikes out swinging
|
Batting: RHB Sergio Arboledo
|
0-0: Ball 1-0: Called Strike 1-1: Ball 2-1: Ground out 4-3 (Groundball, 4)
|
Bottom of the 2nd over - 0 runs, 0 hits, 0 errors, 1 left on base; Shelby HS 0 - Oceanside HS 0 |
TOP OF THE 3RD |
Shelby HS Rockets batting - Pitching for Oceanside HS Pirates : RHP Paco Hernández
|
Batting: RHB David Ordóñez
|
0-0: DOUBLE (Groundball, 5L)
|
Batting: RHB Jesús García
|
0-0: Called Strike 0-1: Called Strike 0-2: Ball 1-2: Foul Ball, location: 2F 1-2: Strikes out swinging
|
Batting: SHB Joe Jenkins
|
0-0: Called Strike 0-1: Ball 1-1: Foul Ball, location: 2F 1-2: Fly out, F9 (Flyball, 9S)
|
Batting: RHB Reynaldo Oliva
|
0-0: Ball 1-0: Ball 2-0: Fly out, F3 (Popup, 3S)
|
Top of the 3rd over - 0 runs, 1 hit, 0 errors, 1 left on base; Shelby HS 0 - Oceanside HS 0 |
BOTTOM OF THE 3RD |
Oceanside HS Pirates batting - Pitching for Shelby HS Rockets : RHP Kyle Sawyer
|
Batting: RHB Ben Williams
|
0-0: Called Strike 0-1: Foul Ball, location: 2F 0-2: Strikes out swinging
|
Batting: LHB Will Burke
|
0-0: Called Strike 0-1: Ball 1-1: Swinging Strike 1-2: Ball 2-2: Ball 3-2: Foul Ball, location: 2F 3-2: Base on Balls
|
Batting: RHB Charles Collins
|
0-0: Ball 1-0: Ball 2-0: Ball 3-0: Called Strike 3-1: Called Strike 3-2: Foul Ball, location: 2F 3-2: SINGLE (Line Drive, 89S) Will Burke to second
|
Batting: LHB Dylan Savill
|
0-0: Ball 1-0: Foul Ball, location: 2F 1-1: Ball Will Burke steals 3rd base Charles Collins to second 2-1: Called Strike 2-2: Ball 3-2: Base on Balls
|
Batting: RHB Tom Hanson
|
0-0: Ball 1-0: Called Strike 1-1: Called Strike 1-2: Grounds out, U3 (Groundball, 3L) Will Burke scores Charles Collins to third
|
Batting: RHB Vincent Lowe
|
0-0: Ball 1-0: Ball 2-0: Ball 3-0: Called Strike 3-1: Base on Balls
|
Batting: RHB Shawn Mendoza
|
0-0: Called Strike 0-1: Ball 1-1: Called Strike 1-2: Ball 2-2: Ball 3-2: Foul Ball, location: 2F 3-2: Base on Balls Charles Collins scores Dylan Savill to third Vincent Lowe to second
|
Batting: LHB Winston Smith
|
0-0: Ball 1-0: Ball 2-0: Ball 3-0: Called Strike 3-1: Foul Ball, location: 2F 3-2: Foul Ball, location: 2F 3-2: Base on Balls Dylan Savill scores Vincent Lowe to third Shawn Mendoza to second
|
Batting: RHB Sergio Arboledo
|
0-0: Ball 1-0: Swinging Strike 1-1: Foul Ball, location: 2F 1-2: Strikes out swinging
|
Bottom of the 3rd over - 3 runs, 1 hit, 0 errors, 3 left on base; Shelby HS 0 - Oceanside HS 3 |
TOP OF THE 4TH |
Shelby HS Rockets batting - Pitching for Oceanside HS Pirates : RHP Paco Hernández
|
Batting: RHB José Borrero
|
0-0: Ball 1-0: SINGLE (Line Drive, 9LM)
|
Batting: RHB Art McDonald
|
0-0: Called Strike 0-1: Ball 1-1: Ball Wild Pitch! José Borrero to second 2-1: Foul Ball, location: 2F 2-2: Ball 3-2: Ground out U3 (Groundball, 34S) José Borrero to third
|
Batting: LHB Ben Ward
|
0-0: Ball 1-0: Called Strike 1-1: Ball 2-1: Foul Ball, location: 2F 2-2: Foul Ball, location: 2F 2-2: Ball 3-2: Ground out 4-3 (Groundball, 4) José Borrero scores
|
Batting: RHB José Zamora
|
0-0: Ball 1-0: Called Strike 1-1: SINGLE (Flyball, 7S)
|
Batting: LHB Ron Davis
|
0-0: Foul Ball, location: 2F 0-1: Swinging Strike 0-2: Ball 1-2: Hit by Pitch José Zamora to second
|
Batting: RHB David Ordóñez
|
0-0: Called Strike 0-1: Fielders Choice at 2nd, 5-4 (Groundball, 56)
|
Top of the 4th over - 1 run, 2 hits, 0 errors, 2 left on base; Shelby HS 1 - Oceanside HS 3 |
BOTTOM OF THE 4TH |
Oceanside HS Pirates batting - Pitching for Shelby HS Rockets : RHP Kyle Sawyer
|
Pitching: RHP Dewitt Hall
|
|
Batting: RHB Ben Williams
|
0-0: Ball 1-0: Foul Ball, location: 2F 1-1: Swinging Strike 1-2: Ball 2-2: Strikes out swinging
|
Batting: LHB Will Burke
|
0-0: Ball 1-0: Ball 2-0: Ball 3-0: Base on Balls
|
Batting: RHB Charles Collins
|
0-0: Ball 1-0: Ball 2-0: Ball 3-0: Base on Balls Will Burke to second
|
Batting: LHB Dylan Savill
|
0-0: Ball 1-0: Ball 2-0: Ball 3-0: Called Strike 3-1: Foul Ball, location: 2F 3-2: Base on Balls Will Burke to third Charles Collins to second
|
Batting: RHB Tom Hanson
|
0-0: Ball 1-0: Foul Ball, location: 2F 1-1: Ball 2-1: Ball 3-1: Base on Balls Will Burke scores Charles Collins to third Dylan Savill to second
|
Batting: RHB Vincent Lowe
|
0-0: Reached on error, E5 (Groundball, 56) Charles Collins scores Dylan Savill to third Tom Hanson to second
|
Batting: RHB Shawn Mendoza
|
0-0: Ball 1-0: Swinging Strike 1-1: Foul Ball, location: 2F 1-2: Ball 2-2: Ball 3-2: Foul Ball, location: 2F 3-2: Foul Ball, location: 2F 3-2: Strikes out swinging
|
Batting: LHB Winston Smith
|
0-0: Foul Ball, location: 2F 0-1: Ground out 4-3 (Groundball, 34D)
|
Bottom of the 4th over - 2 runs, 0 hits, 1 error, 3 left on base; Shelby HS 1 - Oceanside HS 5 |
TOP OF THE 5TH |
Shelby HS Rockets batting - Pitching for Oceanside HS Pirates : RHP Paco Hernández
|
Batting: RHB Jesús García
|
0-0: Ball 1-0: Called Strike 1-1: Swinging Strike 1-2: Hit by Pitch
|
Batting: SHB Joe Jenkins
|
0-0: Foul Ball, location: 2F 0-1: Ball 1-1: Called Strike 1-2: Fly out, F9 (Flyball, 9S)
|
Batting: RHB Reynaldo Oliva
|
0-0: Ball 1-0: Called Strike 1-1: Foul Ball, location: 2F 1-2: Ball 2-2: Ball 3-2: Foul Ball, location: 2F 3-2: Base on Balls Jesús García to second
|
Batting: RHB José Borrero
|
0-0: Ball 1-0: Ball 2-0: Called Strike 2-1: Foul Ball, location: 2F 2-2: Foul Ball, location: 2F 2-2: Ball 3-2: DOUBLE (Line Drive, 89D) Jesús García scores Reynaldo Oliva to third Runner from 3rd tries for Home, SAFE, throw made at trailing runner, OUT at third!
|
Batting: RHB Art McDonald
|
0-0: Ball 1-0: Ball 2-0: Called Strike 2-1: Ball 3-1: Foul Ball, location: 2F 3-2: Base on Balls
|
Pitching: RHP Rory Nolan
|
|
Batting: LHB Ben Ward
|
0-0: Called Strike 0-1: Swinging Strike 0-2: Ball 1-2: Ball 2-2: Strikes out swinging
|
Top of the 5th over - 2 runs, 1 hit, 0 errors, 1 left on base; Shelby HS 3 - Oceanside HS 5 |
BOTTOM OF THE 5TH |
Oceanside HS Pirates batting - Pitching for Shelby HS Rockets : RHP Dewitt Hall
|
Batting: RHB Sergio Arboledo
|
0-0: Ground out 4-3 (Groundball, 4)
|
|
|
Pitching: RHP Scott Wilson
|
|
Batting: RHB Ben Williams
|
0-0: Ball 1-0: Reached on error, E4 (Groundball, 4M)
|
Batting: LHB Will Burke
|
0-0: Ball 1-0: Swinging Strike 1-1: Swinging Strike 1-2: Foul Ball, location: 2F 1-2: Foul Ball, location: 2F 1-2: Ball 2-2: Ball 3-2: Strikes out swinging
|
Batting: RHB Charles Collins
|
0-0: Ball 1-0: Ball 2-0: Ball 3-0: Base on Balls Ben Williams to second
|
Batting: LHB Dylan Savill
|
0-0: Ball 1-0: Swinging Strike 1-1: Fly out, F7 (Flyball, 78D)
|
Bottom of the 5th over - 0 runs, 0 hits, 1 error, 2 left on base; Shelby HS 3 - Oceanside HS 5 |
TOP OF THE 6TH |
Shelby HS Rockets batting - Pitching for Oceanside HS Pirates : RHP Rory Nolan
|
Batting: RHB José Zamora
|
0-0: Ball 1-0: Ball 2-0: Ball 3-0: Called Strike 3-1: Swinging Strike 3-2: Strikes out swinging, 2-3 out at first.
|
Batting: LHB Ron Davis
|
0-0: Called Strike 0-1: Called Strike 0-2: Ball 1-2: SINGLE (Line Drive, 3D)
|
Batting: RHB David Ordóñez
|
0-0: Ball 1-0: Ball 2-0: Called Strike 2-1: Fly out, F7 (Flyball, 7)
|
Batting: RHB Jesús García
|
0-0: Called Strike 0-1: Ball 1-1: Foul Ball, location: 2F 1-2: Strikes out swinging
|
Top of the 6th over - 0 runs, 1 hit, 0 errors, 1 left on base; Shelby HS 3 - Oceanside HS 5 |
BOTTOM OF THE 6TH |
Oceanside HS Pirates batting - Pitching for Shelby HS Rockets : RHP Scott Wilson
|
Batting: RHB Tom Hanson
|
0-0: Ball 1-0: Ball 2-0: Ball 3-0: Base on Balls
|
Batting: RHB Vincent Lowe
|
0-0: Foul Ball, location: 2F 0-1: Foul Ball, location: 2F 0-2: Foul Ball, location: 2F 0-2: Ball 1-2: Ball Tom Hanson is caught stealing 2nd base 2-2: Foul Ball, location: 2F 2-2: Ball 3-2: Strikes out swinging
|
Batting: RHB Shawn Mendoza
|
0-0: Called Strike 0-1: Called Strike 0-2: Ball 1-2: Strikes out looking
|
Bottom of the 6th over - 0 runs, 0 hits, 0 errors, 0 left on base; Shelby HS 3 - Oceanside HS 5 |
TOP OF THE 7TH |
Shelby HS Rockets batting - Pitching for Oceanside HS Pirates : RHP Rory Nolan
|
Pitching: RHP Roy Bryant
|
|
Batting: SHB Joe Jenkins
|
0-0: Ball 1-0: Ball 2-0: Fly out, F4 (Popup, 4S)
|
Batting: RHB Reynaldo Oliva
|
0-0: Ball 1-0: Called Strike 1-1: Swinging Strike 1-2: SINGLE (Flyball, 9LS)
|
Batting: RHB José Borrero
|
0-0: Called Strike 0-1: Swinging Strike 0-2: Ball 1-2: Ball 2-2: Ball 3-2: SINGLE (Line Drive, 8LS) Reynaldo Oliva to second
|
Batting: RHB Art McDonald
|
0-0: Ball 1-0: Swinging Strike 1-1: Ball 2-1: Ball 3-1: Called Strike 3-2: Fly out, F8 (Flyball, 8RD) Runner from 2nd tags up, SAFE at 3rd with throw
|
Batting: LHB Ben Ward
|
0-0: Ball 1-0: Called Strike 1-1: Ball 2-1: Foul Ball, location: 2F 2-2: Ball 3-2: Base on Balls José Borrero to second
|
Batting: RHB José Zamora
|
0-0: Called Strike 0-1: Swinging Strike 0-2: Strikes out swinging
|
Top of the 7th over - 0 runs, 2 hits, 0 errors, 3 left on base; Shelby HS 3 - Oceanside HS 5 |
BOTTOM OF THE 7TH |
Oceanside HS Pirates batting - Pitching for Shelby HS Rockets : RHP Scott Wilson
|
Batting: LHB Winston Smith
|
0-0: Swinging Strike 0-1: Swinging Strike 0-2: Strikes out swinging
|
Batting: RHB Sergio Arboledo
|
0-0: Called Strike 0-1: Ball 1-1: Foul Ball, location: 2F 1-2: Ball 2-2: Strikes out swinging
|
Batting: RHB Ben Williams
|
0-0: Called Strike 0-1: Ball 1-1: SINGLE (Flyball, 9LM)
|
Batting: LHB Will Burke
|
0-0: Foul Ball, location: 2F 0-1: Ball 1-1: Ground out 1-3 (Groundball, 13S)
|
Bottom of the 7th over - 0 runs, 1 hit, 0 errors, 1 left on base; Shelby HS 3 - Oceanside HS 5 |
TOP OF THE 8TH |
Shelby HS Rockets batting - Pitching for Oceanside HS Pirates : RHP Roy Bryant
|
Now in CF: Tomás Balerio
|
|
Now in RF: Harris Townsend
|
|
Batting: LHB Ron Davis
|
0-0: Called Strike 0-1: Foul Ball, location: 2F 0-2: Ball 1-2: Ball 2-2: Ball 3-2: Strikes out looking
|
Batting: RHB David Ordóñez
|
0-0: Ground out 4-3 (Groundball, 4S)
|
Batting: RHB Jesús García
|
0-0: Called Strike 0-1: Called Strike 0-2: Strikes out swinging
|
Top of the 8th over - 0 runs, 0 hits, 0 errors, 0 left on base; Shelby HS 3 - Oceanside HS 5 |
BOTTOM OF THE 8TH |
Oceanside HS Pirates batting - Pitching for Shelby HS Rockets : RHP Scott Wilson
|
Batting: RHB Charles Collins
|
0-0: Ball 1-0: Called Strike 1-1: Ball 2-1: Ground out 5-3 (Groundball, 56S)
|
Batting: LHB Dylan Savill
|
0-0: Called Strike 0-1: Ground out 5-3 (Groundball, 56)
|
Batting: RHB Tom Hanson
|
0-0: Foul Ball, location: 2F 0-1: Ball 1-1: Ball 2-1: Foul Ball, location: 2F 2-2: Strikes out swinging
|
Bottom of the 8th over - 0 runs, 0 hits, 0 errors, 0 left on base; Shelby HS 3 - Oceanside HS 5 |
TOP OF THE 9TH |
Shelby HS Rockets batting - Pitching for Oceanside HS Pirates : RHP Roy Bryant
|
Pitching: RHP John Kessler
|
|
Now at C: Anthony Morgan
|
|
Batting: SHB Joe Jenkins
|
0-0: Ball 1-0: Ball 2-0: Swinging Strike 2-1: Swinging Strike 2-2: Foul Ball, location: 2F 2-2: Strikes out swinging
|
Batting: RHB Reynaldo Oliva
|
0-0: Foul Ball, location: 2F 0-1: Called Strike 0-2: Ball 1-2: Ball 2-2: Foul Ball, location: 2F 2-2: Ball 3-2: SOLO HOME RUN (Flyball, 7D), Distance : 406 ft
|
Batting: RHB José Borrero
|
0-0: SOLO HOME RUN (Flyball, 7LD), Distance : 355 ft
|
Batting: RHB Art McDonald
|
0-0: Called Strike 0-1: Ball 1-1: Swinging Strike 1-2: Strikes out swinging
|
Batting: LHB Ben Ward
|
0-0: Swinging Strike 0-1: Foul Ball, location: 2F 0-2: Hit by Pitch
|
Batting: RHB José Zamora
|
0-0: Called Strike 0-1: Ball 1-1: Reached on error, E5 (Groundball, 56) Ben Ward to third
|
Batting: LHB Ron Davis
|
0-0: Ball 1-0: Ball 2-0: Ball 3-0: Base on Balls
|
Batting: RHB David Ordóñez
|
0-0: Ball 1-0: Foul Ball, location: 2F 1-1: Foul Ball, location: 2F 1-2: Strikes out swinging
|
Top of the 9th over - 2 runs, 2 hits, 1 error, 3 left on base; Shelby HS 5 - Oceanside HS 5 |
BOTTOM OF THE 9TH |
Oceanside HS Pirates batting - Pitching for Shelby HS Rockets : RHP Scott Wilson
|
Batting: RHB Vincent Lowe
|
0-0: Called Strike 0-1: Ball 1-1: Foul Ball, location: 2F 1-2: Ball 2-2: Ball 3-2: Foul Ball, location: 2F 3-2: Foul Ball, location: 2F 3-2: Base on Balls
|
Batting: RHB Anthony Morgan
|
0-0: Ball 1-0: Foul Ball, location: 2F 1-1: Ground out 3-1 (Groundball, 34S) Vincent Lowe to second
|
Batting: SHB Harris Townsend
|
0-0: Ball 1-0: Called Strike 1-1: Called Strike 1-2: Ball 2-2: Ball 3-2: Base on Balls
|
Pitching: RHP Francisco Vélez
|
|
Batting: RHB Sergio Arboledo
|
0-0: Ball 1-0: Grounds into double play, 6-4-3 (Groundball, 6)
|
Bottom of the 9th over - 0 runs, 0 hits, 0 errors, 1 left on base; Shelby HS 5 - Oceanside HS 5 |
TOP OF THE 10TH |
Shelby HS Rockets batting - Pitching for Oceanside HS Pirates : RHP John Kessler
|
Batting: RHB Jesús García
|
0-0: Ball 1-0: Foul Ball, location: 2F 1-1: Ball 2-1: Foul Ball, location: 2F 2-2: Foul Ball, location: 2F 2-2: Ball 3-2: Fly out, F8 (Flyball, 8LD)
|
Batting: SHB Joe Jenkins
|
0-0: Swinging Strike 0-1: SINGLE (Line Drive, 78S)
|
Batting: RHB Reynaldo Oliva
|
0-0: Called Strike 0-1: Ball 1-1: Ball 2-1: Ball 3-1: SINGLE (Line Drive, 6M) Joe Jenkins to second
|
Batting: RHB José Borrero
|
0-0: Ball 1-0: Grounds into double play, 6-4-3 (Groundball, 6)
|
Top of the 10th over - 0 runs, 2 hits, 0 errors, 1 left on base; Shelby HS 5 - Oceanside HS 5 |
BOTTOM OF THE 10TH |
Oceanside HS Pirates batting - Pitching for Shelby HS Rockets : RHP Kevin Cain
|
Pitching: RHP Kevin Cain
|
|
Batting: RHB Ben Williams
|
0-0: Fly out, F7 (Line Drive, 7)
|
Batting: LHB Tomás Balerio
|
0-0: Ball 1-0: Fly out, F8 (Flyball, 8LD)
|
Batting: RHB Charles Collins
|
0-0: Ball 1-0: Ball 2-0: Called Strike 2-1: Ball 3-1: Base on Balls
|
Batting: LHB Dylan Savill
|
0-0: Ball Charles Collins is caught stealing 2nd base
|
Bottom of the 10th over - 0 runs, 0 hits, 0 errors, 0 left on base; Shelby HS 5 - Oceanside HS 5 |
TOP OF THE 11TH |
Shelby HS Rockets batting - Pitching for Oceanside HS Pirates : RHP John Kessler
|
Batting: RHB Art McDonald
|
0-0: Ball 1-0: Foul Ball, location: 2F 1-1: SINGLE (Line Drive, 56D)
|
Batting: LHB Ben Ward
|
0-0: Foul Ball, location: 2F 0-1: Ball 1-1: Ball 2-1: Ball 3-1: Fly out, F9 (Flyball, 89M)
|
Batting: RHB José Zamora
|
0-0: Called Strike 0-1: Ball 1-1: Ball 2-1: Called Strike 2-2: Strikes out looking
|
Batting: LHB Ron Davis
|
0-0: Ball 1-0: Swinging Strike 1-1: Swinging Strike 1-2: Foul Ball, location: 2F 1-2: Foul Ball, location: 2F 1-2: Ball 2-2: Ground out 4-3 (Groundball, 4)
|
Top of the 11th over - 0 runs, 1 hit, 0 errors, 1 left on base; Shelby HS 5 - Oceanside HS 5 |
BOTTOM OF THE 11TH |
Oceanside HS Pirates batting - Pitching for Shelby HS Rockets : RHP Kevin Cain
|
Batting: LHB Dylan Savill
|
0-0: Ball 1-0: Ball 2-0: Called Strike 2-1: Ball 3-1: SINGLE (Groundball, 6D)
|
Batting: RHB Tom Hanson
|
0-0: Called Strike 0-1: Ball 1-1: Ball 2-1: Swinging Strike 2-2: Ball 3-2: Base on Balls Dylan Savill to second
|
Batting: RHB Vincent Lowe
|
0-0: Foul Ball, location: 2F 0-1: Ball 1-1: Foul Ball, location: 2F 1-2: Fly out, F6 (Popup, 6M)
|
Batting: RHB Anthony Morgan
|
0-0: Ball 1-0: Foul Ball, location: 2F 1-1: Ball 2-1: Called Strike 2-2: Ball 3-2: Base on Balls Dylan Savill to third Tom Hanson to second
|
Batting: SHB Harris Townsend
|
0-0: Ball 1-0: Ball 2-0: Ball 3-0: Base on Balls Dylan Savill scores Tom Hanson to third Anthony Morgan to second
|
Saturday, April 7th, 2018 - OOTP Baseball 18.8 Build 76
|
|